 Dungeon Crawl Stone Soup version 0.15-a0-1646-g393eda0 (webtiles) character file.

3757 MDvedh the Ruinous (level 9, -10/62 HPs)
             Began as a Yellow Draconian Conjurer on June 8, 2014.
             Was a Priest of Sif Muna.
             Mangled by Gastronok (26 damage)
             ... on Level 9 of the Dungeon on June 22, 2014.
             The game lasted 00:35:44 (10362 turns).

MDvedh the Ruinous (Yellow Draconian Conjurer)     Turns: 10362, Time: 00:35:44

HP -10/62        AC 11     Str 11      XL: 9   Next: 94%
MP   6/21        EV 15     Int 18      God: Sif Muna [***...]
Gold 472         SH  0     Dex 12      Spells:  5 memorised,  1 level left

rFire  . . .     SeeInvis .     r - +3 whip (elec)
rCold  . . .     Clarity  .     (armour unavailable)
rNeg   . . .     rCorr    +     (no shield)
rPois  +         rRot     .     (helmet restricted)
rElec  .         Spirit   .     i - +0 cloak
SustAb .         Warding  .     C - +1 pair of gloves
rMut   .         Stasis   .     H - +0 pair of boots
Gourm  .                        B - amulet of resist corrosion
MR     .....                    F - ring of stealth
                                a - ring of poison resistance

@: not resistant to hostile enchantments, fairly stealthy
A: spit acid, acid resistance, unfitting armour, cold-blooded, AC +7
a: Spit Acid, Channel Energy, Forget Spell, Renounce Religion


You were on level 9 of the Dungeon.
You worshipped Sif Muna.
Sif Muna was most pleased with you.
You were not hungry.

You visited 2 branches of the dungeon, and saw 10 of its levels.

You collected 472 gold pieces.

Inventory:

Hand weapons
 r - a +3 whip of electrocution (weapon)
Armour
 i - a +0 cloak (worn)
 C - a +1 pair of gloves (worn)
 H - a +0 pair of boots (worn)
Magical devices
 m - a wand of frost (13) {unknown}
 P - a wand of cold (15)
 R - a wand of flame (9)
 S - a wand of random effects (7)
Comestibles
 b - 6 bread rations
 q - a royal jelly
 u - 6 meat rations
 x - 7 beef jerkies
 A - 15 fruits
 O - a slice of pizza
Scrolls
 o - 2 scrolls of recharging
 s - 6 scrolls of remove curse
 z - 2 scrolls of teleportation
 D - a scroll of magic mapping
Jewellery
 a - a ring of poison resistance (left hand)
 h - an uncursed ring of fire
 j - an uncursed amulet of faith
 l - an uncursed ring of ice
 B - an amulet of resist corrosion (around neck)
 F - a ring of stealth (right hand)
Potions
 d - 2 potions of agility
 f - a potion of invisibility
 g - a potion of confusion
 k - 8 potions of curing
 n - a potion of flight
 p - a potion of might
 t - 2 potions of haste
 v - a potion of paralysis {unknown}
 w - 2 potions of heal wounds
 E - a potion of porridge
 G - a potion of poison {unknown}
 L - a potion of cure mutation {unknown}
 M - a potion of restore abilities {unknown}
Books
 c - a book of Conjurations

   Spells                             Type                      Level
   *Magic Dart                        Conjuration                  1
   *Searing Ray                       Conjuration                  2
   Dazzling Spray                     Conjuration/Hexes            3
   Fulminant Prism                    Conjuration/Hexes            4
   *Iskenderun's Mystic Blast         Conjuration                  4
   *Iskenderun's Battlesphere         Conjuration/Charms           5
 y - a book of Beasts

   Spells                             Type                      Level
   Summon Butterflies                 Summoning                    1
   Call Canine Familiar               Summoning                    3
   Summon Ice Beast                   Ice/Summoning                4
   Summon Mana Viper                  Hexes/Summoning              5
   Monstrous Menagerie                Summoning                    6
   Summon Hydra                       Summoning                    7
 K - a book of the Earth

   Spells                             Type                      Level
   Leda's Liquefaction                Hexes/Earth                  4
   *Bolt of Magma                     Conjuration/Fire/Earth       5
   Statue Form                        Transmutation/Earth          6
   Iron Shot                          Conjuration/Earth            6
   Shatter                            Earth                        9
 N - Xefobb's Incunabulum of Translocation
   (You found it on level 7 of the Dungeon)

   Spells                             Type                      Level
   Apportation                        Translocation                1
   Blink                              Translocation                2
   Teleport Other                     Translocation                3
   Warp Weapon                        Charms/Translocation         5
 Q - a book of Flames

   Spells                             Type                      Level
   Flame Tongue                       Conjuration/Fire             1
   Throw Flame                        Conjuration/Fire             2
   Conjure Flame                      Conjuration/Fire             3
   Inner Flame                        Hexes/Fire                   3
   Sticky Flame                       Conjuration/Fire             4
   Fireball                           Conjuration/Fire             5


   Skills:
 + Level 6.4 Dodging
 - Level 1.7 Stealth
 - Level 5.4 Spellcasting
 + Level 7.5 Conjurations
 - Level 7.0 Charms
 + Level 5.0 Fire Magic


You had one spell level left.
You knew the following spells:

 Your Spells              Type           Power        Failure   Level  Hunger
a - Magic Dart            Conj           ####         1%          1    None
b - Searing Ray           Conj           ####..       1%          2    None
c - Iskenderun's Battles  Conj/Chrm      ####....     21%         5    #####..
d - Bolt of Magma         Conj/Fire/Erth ###.......   67%         5    #####..
f - Iskenderun's Mystic   Conj           ####....     8%          4    ####...


Dungeon Overview and Level Annotations

Branches:
Dungeon (9/15)             Temple (1/1) D:5
    Orc: D:9-12        Lair: D:8-11

Altars:
Ashenzari
Cheibriados
Dithmenos
Elyvilon
Fedhas
Gozag
Kikubaaqudgha
Makhleb
Nemelex Xobeh
Okawaru
Qazlal
Sif Muna
Trog
Vehumet
Xom
Yredelemnul
Zin
The Shining One

Shops:
D:6 =   D:8 *%

Annotations:
D:9 Gastronok


Innate Abilities, Weirdness & Mutations

You can spit globs of acid.
You can corrode armour when you spit acid.
You are resistant to acid.
Your golden yellow scales are hard (AC +7).
Your body does not fit into most forms of armour.
Your cold-blooded metabolism reacts poorly to cold.


Message History

Drink which item? (? for menu, Esc to quit)
You feel much better.
Gastronok waves his eye-stalks in wide circles.
The air twists around and strikes you!
You hit Gastronok.
Gastronok is severely wounded.
You hit Gastronok.
Gastronok is severely wounded.
Gastronok completely misses you.
You hit Gastronok. You tail-slap Gastronok.
Gastronok is almost dead.
Gastronok waves his eye-stalks in wide circles.
The air twists around and strikes you!
* * * LOW HITPOINT WARNING * * *
You completely miss Gastronok.
Gastronok is almost dead.
You hit Gastronok. You tail-slap Gastronok.
Gastronok is almost dead.
Gastronok bites you!!
You die...

.......####...........#.......
.......'..#...........#.....<.
.......##.#...........#.......
...wO #.#...................
#### #.......)......#......
###.<.........########
###.######### #.# #@#
#..w.......# #.....$....>
#........... #...........
#.......... ..........
##....... ...


You could see Gastronok.

Vanquished Creatures
  Erolcha (D:9)
  Grum (D:8)
  3 wolves (D:8)
  A hungry ghost (D:8)
  Edmund (D:5)
  Menkaure (D:5)
  An orc warrior (D:6)
  A black bear (D:7)
  2 sky beasts
  An ice beast (D:7)
  4 ogres
  A big kobold (D:6)
  3 giant frogs
  A scorpion (D:6)
  A yak zombie (D:7)
  3 wights (D:8)
  4 crimson imps
  A goliath beetle (D:8)
  A centaur zombie (D:7)
  2 jellies
  An iguana (D:8)
  2 centaur skeletons
  3 hounds
  Crazy Yiuf (D:3)
  2 orc priests (D:6)
  An orc wizard (D:6)
  A two-headed ogre skeleton (D:6)
  A basilisk skeleton (D:9)
  5 worker ants
  A big kobold zombie (D:7)
  15 gnolls
  9 adders
  A gnoll zombie (D:8)
  A shadow imp (D:6)
  An orc skeleton (D:5)
  An inept feature mimic (D:7)
  A worm (D:2)
  A giant mite (D:5)
  An orc zombie (D:6)
  7 giant geckos
  7 orcs
  17 bats
  A bat skeleton (D:5)
  6 giant cockroaches
  10 hobgoblins
  4 jackals (D:3)
  22 kobolds
  An ooze (D:2)
  4 ball pythons
  A giant gecko skeleton (D:5)
  A giant newt (D:4)
  5 goblins
  2 hobgoblin zombies (D:6)
  3 quokkas
  A quokka zombie (D:8)
  12 rats
187 creatures vanquished.

Notes
Turn   | Place    | Note
--------------------------------------------------------------
     0 | D:1      | MDvedh, the Draconian Conjurer, began the quest for the Orb.
     0 | D:1      | Reached XP level 1. HP: 14/14 MP: 3/3
   264 | D:1      | Reached XP level 2. HP: 14/20 MP: 0/4
   728 | D:1      | Learned a level 2 spell: Searing Ray
  1134 | D:2      | Reached XP level 3. HP: 26/26 MP: 0/6
  1502 | D:2      | Reached XP level 4. HP: 7/33 MP: 0/9
  1982 | D:2      | Reached skill level 5 in Conjurations
  2529 | D:3      | Reached XP level 5. HP: 36/38 MP: 5/11
  2792 | D:3      | Noticed Crazy Yiuf
  2799 | D:3      | Killed Crazy Yiuf
  2940 | D:3      | Found a bloodstained altar of Trog.
  2992 | D:3      | Found a glowing drain.
  3336 | D:3      | Reached skill level 6 in Conjurations
  3559 | D:3      | Found a blossoming altar of Fedhas.
  3742 | D:4      | Reached XP level 6. HP: 45/45 MP: 4/13
  4250 | D:4      | Reached skill level 7 in Conjurations
  4346 | D:4      | Learned a level 5 spell: Iskenderun's Battlesphere
  4347 | D:4      | Found an opulent altar of Gozag.
  4381 | D:4      | Found a shadowy altar of Dithmenos.
  4413 | D:5      | Entered Level 5 of the Dungeon
  4422 | D:5      | Reached skill level 1 in Charms
  4534 | D:5      | Found a staircase to the Ecumenical Temple.
  4540 | Temple   | Entered the Ecumenical Temple
  4637 | Temple   | Became a worshipper of Sif Muna the Loreminder
  4678 | D:5      | Noticed Edmund
  4689 | D:5      | Killed Edmund
  4689 | D:5      | Your scales start taking on a golden yellow colour.
  4689 | D:5      | Reached XP level 7. HP: 40/50 MP: 2/15
  4865 | D:5      | Found an iron altar of Okawaru.
  4866 | D:5      | Found a basalt altar of Yredelemnul.
  5185 | D:5      | Noticed Menkaure
  5193 | D:5      | Killed Menkaure
  5492 | D:6      | Found Voyherche's Jewellery Boutique.
  5531 | D:6      | Acquired Sif Muna's first power
  5594 | D:6      | Reached skill level 5 in Charms
  6139 | D:6      | Reached XP level 8. HP: 57/57 MP: 12/17
  6722 | D:6      | Found a radiant altar of Vehumet.
  7127 | D:6      | Acquired Sif Muna's second power
  7996 | D:7      | Learned a level 4 spell: Iskenderun's Mystic Blast
  8161 | D:7      | Reached skill level 5 in Spellcasting
  8297 | D:7      | Identified Xefobb's Incunabulum of Translocation
  8631 | D:8      | Reached XP level 9. HP: 44/62 MP: 7/21
  8879 | D:8      | Learned a level 5 spell: Bolt of Magma
  8932 | D:8      | Found Eteze's Food Shoppe.
  8949 | D:8      | Found Xaerphe's General Store.
  8964 | D:8      | Upgraded the game from 0.15-a0-1345-gc375f20 to 0.15-a0-1403-g2cecdf4
  9070 | D:8      | Reached skill level 1 in Fire Magic
  9299 | D:8      | Found a snail-covered altar of Cheibriados.
  9299 | D:8      | Noticed Grum
  9304 | D:8      | Killed Grum
  9305 | D:8      | Upgraded the game from 0.15-a0-1403-g2cecdf4 to 0.15-a0-1646-g393eda0
  9323 | D:8      | Reached skill level 5 in Dodging
 10167 | D:9      | Noticed Gastronok
 10167 | D:9      | Noticed Erolcha
 10216 | D:9      | Killed Erolcha
 10216 | D:9      | Reached skill level 5 in Fire Magic
 10362 | D:9      | Mangled by Gastronok

Action                   |  1- 3 |  4- 6 |  7- 9 || total
-------------------------+-------+-------+-------++-------
Melee: Unarmed           |    37 |       |       ||    37
       Whip              |       |    18 |    85 ||   103
 Cast: Magic Dart        |    64 |   136 |   260 ||   460
       Searing Ray       |     1 |    10 |    24 ||    35
       Iskenderun's Myst |       |       |    24 ||    24
       Iskenderun's Batt |       |       |     2 ||     2
Invok: Channel Energy    |       |       |     1 ||     1
 Abil: Spit Acid         |       |       |     4 ||     4
Evoke: Wand              |       |       |     3 ||     3
  Use: Scroll            |     4 |    11 |     8 ||    23
       Potion            |       |       |     3 ||     3
 Stab: Sleeping          |       |     1 |       ||     1
